 Dungeon Crawl Stone Soup version 0.20.2-3-g29329e0561 (webtiles) character file.

321 Alfie the Shield-Bearer (level 6, -9/53 HPs)
             Began as a Hill Orc Fighter on Feb 23, 2024.
             Mangled by Alfie's ghost (10 damage)
             ... on level 3 of the Dungeon.
             The game lasted 00:04:16 (1904 turns).

Alfie the Shield-Bearer (Hill Orc Fighter)          Turns: 1904, Time: 00:04:17

Health: -9/53      AC: 11    Str: 21    XL:     6   Next: 46%
Magic:  6/6        EV:  8    Int:  8    God:
Gold:   52         SH:  9    Dex: 10    Spells: 5/5 levels left

rFire    . . .     SeeInvis .   a - +0 rapier
rCold    . . .     Gourm    .   c - +0 shield
rNeg     . . .     Faith    .   b - +0 scale mail
rPois    .         Spirit   .   (no helmet)
rElec    .         Reflect  .   (no cloak)
rCorr    .         Harm     .   k - +0 pair of gloves
MR       .....                  (no boots)
Stlth    ..........             (no amulet)
Regen    0.2/turn               h - +3 ring of protection
MPRegen  0.1/turn               (no ring)

@: no status effects
A: no striking features
a: no special abilities


You were on level 3 of the Dungeon.
You were not hungry.

You visited 1 branch of the dungeon, and saw 3 of its levels.

You collected 52 gold pieces.

Inventory:

Hand Weapons
 a - a +0 rapier (weapon)
Armour
 b - a +0 scale mail (worn)
 c - a +0 shield (worn)
 k - a +0 pair of gloves (worn)
Jewellery
 h - a +3 ring of protection (left hand)
Scrolls
 d - 2 scrolls of teleportation {unknown}
 e - 4 scrolls of identify {unknown}
 i - a scroll of enchant armour {unknown}
Potions
 g - a potion of heal wounds {unknown}
 j - a potion of mutation {unknown}
Comestibles
 f - 2 bread rations


   Skills:
 + Level 4.4 Fighting
 + Level 4.3 Short Blades
 + Level 4.4 Armour
 + Level 1.1 Dodging
 + Level 4.7 Shields


You had 5 spell levels left.
You didn't know any spells.

Dungeon Overview and Level Annotations

Branches:
Dungeon (3/15)

Altars:
Dithmenos

Annotations:
D:3 Alfie's ghost, amateur HOFi


Message History

Alfie's ghost is severely damaged.
Alfie's ghost hits you.
* * * LOW HITPOINT WARNING * * *
You hit Alfie's ghost.
Alfie's ghost is severely damaged.
Alfie's ghost hits you.
* * * LOW HITPOINT WARNING * * *
You hit Alfie's ghost but do no damage.
Alfie's ghost is severely damaged.
Alfie's ghost barely misses you. Alfie's ghost closely misses you.
You hit Alfie's ghost but do no damage.
Alfie's ghost is severely damaged.
You block Alfie's ghost's attack.
You puncture Alfie's ghost!
Alfie's ghost is almost destroyed.
Alfie's ghost hits you but does no damage.
You barely miss Alfie's ghost.
Alfie's ghost is almost destroyed.
Alfie's ghost hits you!
You die...

##### .......## #.. #...#
....... #.. #...#
####.......#####..
#...#######.................
#.........#.##.......######.
#.........#.# ....... #.
###.......#.# ....... #.
#.......#W# ####### #.
####.......#@# #.
#..†.......#.# #.
#.##.......#.# #.
#.########.#.# ###. #.#
#.#.# #... #.# #.#.# #.##
#.# #.#.# #####.# #.# #.#.#
#.....# #.#
#.#.#########.#####


You could see Alfie's ghost.

Vanquished Creatures
  Sigmund (D:2)
  Terence (D:2)
  8 adders
  A dart slug (D:2)
  A leopard gecko (D:1)
  7 bats
  3 giant cockroaches
  3 hobgoblins
  2 jackals (D:3)
  9 kobolds
  11 frilled lizards
  8 goblins
  5 rats
60 creatures vanquished.

Notes
Turn   | Place    | Note
-------+----------+-------------------------------------------
     0 | D:1      | Alfie the Hill Orc Fighter began the quest for the Orb.
     0 | D:1      | Reached XP level 1. HP: 19/19 MP: 1/1
   196 | D:1      | Reached XP level 2. HP: 25/27 MP: 2/2
   858 | D:2      | Reached XP level 3. HP: 27/33 MP: 3/3
   894 | D:2      | Noticed Sigmund
   910 | D:2      | Killed Sigmund
   910 | D:2      | Reached skill level 1 in Dodging
   910 | D:2      | Reached XP level 4. HP: 7/41 MP: 4/4
   910 | D:2      | Reached XP level 5. HP: 8/47 MP: 5/5
   931 | D:2      | Found a shadowy altar of Dithmenos.
  1137 | D:2      | Reached XP level 6. HP: 32/53 MP: 6/6
  1275 | D:2      | Noticed Terence
  1282 | D:2      | Killed Terence
  1870 | D:3      | Noticed Alfie's ghost (amateur HOFi)
  1899 | D:3      | HP: 2/53 [Alfie's ghost (3)]
  1904 | D:3      | Mangled by Alfie's ghost

Skill      XL: |  1  2  3  4  5  6 |
---------------+-------------------+-----
Fighting       | 4 |  4.4
Short Blades   | 3 4 |  4.3
Armour         | 4 |  4.4
Dodging        | 1 |  1.1
Shields        | 4 |  4.7

Action                   |  1- 3 |  4- 6 || total
-------------------------+-------+-------++-------
Melee: Rapier            |   100 |   171 ||   271
  Use: Potion            |     2 |       ||     2
  Eat: Royal jelly       |       |     2 ||     2
Armor: Scale mail        |    44 |    72 ||   116
Dodge: Dodged            |    31 |    41 ||    72
Block: Shield            |    46 |    80 ||   126
